 Dungeon Crawl Stone Soup version 0.21.1-68-g103a7afc0a (webtiles) character file.

161 IceCat the Conjurer (level 5, -2/28 HPs)
             Began as a Deep Elf Conjurer on Aug 2, 2018.
             Slain by an adder (4 damage)
             ... on level 4 of the Dungeon.
             The game lasted 00:11:53 (2406 turns).

IceCat the Conjurer (Deep Elf Conjurer)             Turns: 2406, Time: 00:11:53

Health: -2/28      AC:  4    Str:  5    XL:     5   Next: 18%
Magic:  1/13       EV: 13    Int: 21    God:
Gold:   107        SH:  0    Dex: 15    Spells: 1/12 levels left

rFire    . . .     SeeInvis .   n - -2 dagger (curse)
rCold    . . .     Gourm    .   (no shield)
rNeg     . . .     Faith    .   a - +0 robe
rPois    +         Spirit   .   i - +1 helmet
rElec    .         Reflect  .   (no cloak)
rCorr    .         Harm     .   (no gloves)
MR       .....                  (no boots)
Stlth    ++........             (no amulet)
HPRegen  0.09/turn              j - ring of poison resistance
MPRegen  0.13/turn              o - ring of wizardry

@: no status effects
A: no striking features
a: no special abilities


You were on level 4 of the Dungeon.
You were not hungry.

You visited 1 branch of the dungeon, and saw 4 of its levels.

You collected 107 gold pieces.

Inventory:

Hand Weapons
 k - a +1 dagger of holy wrath
 m - a +3 dagger of draining
 n - a cursed -2 dagger (weapon)
Armour
 a - a +0 robe (worn)
 i - a +1 helmet (worn)
Jewellery
 j - a ring of poison resistance (left hand)
 o - a ring of wizardry (right hand)
Scrolls
 d - a scroll of noise
 e - 2 scrolls of identify
 g - a scroll of magic mapping
 p - a scroll of immolation {unknown}
Potions
 h - a potion of agility {unknown}
 l - a potion of ambrosia {unknown}
Books
 b - a book of Conjurations

   Spells                             Type                      Level
   a - Magic Dart                     Conjuration                  1
   b - Searing Ray                    Conjuration                  2
   c - Dazzling Spray                 Conjuration/Hexes            3
   d - Fulminant Prism                Conjuration/Hexes            4
   e - Force Lance                    Conjuration/Translocation    4
   f - Iskenderun's Mystic Blast      Conjuration                  4
Comestibles
 c - 3 rations
 f - 2 chunks of flesh


   Skills:
 + Level 2.9 Dodging
 + Level 2.8 Stealth
 + Level 4.0 Spellcasting
 + Level 6.3 Conjurations
 * Level 1.4 Hexes


You had one spell level left.
You knew the following spells:

 Your Spells              Type           Power        Failure   Level  Hunger
a - Magic Dart            Conj           ####         1%          1    None
b - Searing Ray           Conj           ####..       1%          2    #......
c - Fulminant Prism       Conj/Hex       ###.......   10%         4    ####...
d - Iskenderun's Mystic   Conj           ####....     3%          4    ####...


Dungeon Overview and Level Annotations

Branches:
Dungeon (4/15)             Temple (0/1) D:4

Altars:


Message History

The orc closely misses you. The adder misses you.
There is an escape hatch in the floor here.
The adder barely misses you. The orc hits you with a club.
The orc priest mumbles some strange prayers to Beogh against you.
Beogh smites you!
* * * LOW HITPOINT WARNING * * *
You slide downwards.
The hatch slams shut behind you.
You hear the hiss of flowing sand.
There is an entrance to an ossuary on this level.
Hurry and find it before the portal is buried!
Found a staircase to the Ecumenical Temple.
Casting: Iskenderun's Mystic Blast
Confirm with . or Enter, or press ? or * to list all spells.
Aiming: Iskenderun's Mystic Blast
Press: ? - help, Shift-Dir - straight line, f - orc
Aim: an orc, wielding a club and wearing a dyed leather armour The orb of energy hits the orc.
You kill the orc!
The orb of energy explodes!
The adder closely misses you. The adder bites you.
You die...

. #. .. .## ###
..#.... .......
.#######)..⌠...
.......@S......
.########⌠.>.⌠#
....# ⌠..# ..#
##


You could see an adder.

Vanquished Creatures
  A hound (D:2)
  A bullfrog skeleton (D:2)
  Terence (D:2)
  An adder (D:2)
  An ooze (D:1)
  2 worms (D:2)
  A leopard gecko (D:2)
  2 orcs
  A ball python (D:2)
  5 giant cockroaches
  5 goblins
  14 hobgoblins
  3 jackals (D:2)
  4 kobolds
  2 quokkas
  6 bats
  A frilled lizard (D:1)
  6 rats
57 creatures vanquished.

Notes
Turn   | Place    | Note
-------+----------+-------------------------------------------
     0 | D:1      | IceCat the Deep Elf Conjurer began the quest for the Orb.
     0 | D:1      | Reached XP level 1. HP: 10/10 MP: 6/6
   120 | D:1      | Reached XP level 2. HP: 15/15 MP: 0/8
   410 | D:1      | Reached skill level 5 in Conjurations
   907 | D:2      | Reached XP level 3. HP: 19/19 MP: 2/9
  1040 | D:2      | Learned a level 2 spell: Searing Ray
  1140 | D:2      | Reached XP level 4. HP: 18/24 MP: 0/11
  1219 | D:2      | Learned a level 4 spell: Fulminant Prism
  1576 | D:2      | Reached skill level 6 in Conjurations
  1602 | D:2      | Noticed Terence
  1624 | D:2      | Killed Terence
  1624 | D:2      | Reached skill level 1 in Hexes
  1695 | D:2      | Reached XP level 5. HP: 28/28 MP: 8/12
  1728 | D:2      | Learned a level 4 spell: Iskenderun's Mystic Blast
  2405 | D:4      | Found a staircase to the Ecumenical Temple.
  2406 | D:4      | Slain by an adder

Skill      XL: |  1  2  3  4  5 |
---------------+----------------+-----
Conjurations   | 5 6 |  6.3
Hexes          | 1 |  1.4
Spellcasting   | 4 |  4.0
Dodging        | |  2.9
Stealth        | |  2.8

Action                   |  1- 3 |  4- 6 || total
-------------------------+-------+-------++-------
 Cast: Magic Dart        |    62 |    21 ||    83
       Searing Ray       |     1 |    14 ||    15
       Iskenderun's Myst |       |     5 ||     5
  Use: Scroll            |       |     6 ||     6
  Eat: Chunk             |       |     5 ||     5
Armor: Robe              |     3 |     3 ||     6
Dodge: Dodged            |     7 |    10 ||    17
